 Dungeon Crawl Stone Soup version 0.30-a0-335-ge5acde7520 (webtiles) character file.

Game seed: 11829201263687379027

270 Muataran the Shield-Bearer (level 6, -14/56 HPs)
             Began as a Minotaur Fighter on Oct 30, 2022.
             Was an Initiate of Okawaru.
             Demolished by an ogre
             ... wielding a +0 giant club
              (22 damage)
             ... on level 4 of the Dungeon.
             The game lasted 00:09:13 (2905 turns).

Muataran the Shield-Bearer (Minotaur Fighter)       Turns: 2905, Time: 00:09:13

Health: -14/56     AC:  7    Str: 23    XL:     6   Next: 1%
Magic:  6/6        EV:  9    Int:  5    God:    Okawaru [......]
Gold:   69         SH:  4    Dex:  9    Spells: 5/5 levels left

rFire   . . .      SeeInvis .    a - +0 long sword
rCold   . . .      Faith    .    c - +0 buckler
rNeg    . . .      Spirit   .    b - +0 scale mail
rPois   .          Reflect  .    (helmet restricted)
rElec   .          Harm     .    (no cloak)
rCorr   +          Rampage  .    (no gloves)
Will    .....                    (no boots)
Stlth   ..........               (no amulet)
HPRegen 0.29/turn                r - ring of resist corrosion
MPRegen 0.10/turn                (no ring)

@: no status effects
A: horns 2, retaliatory headbutt
a: Renounce Religion


You were on level 4 of the Dungeon.
You worshipped Okawaru.
Okawaru was noncommittal.
You visited 1 branch of the dungeon, and saw 4 of its levels.

You collected 69 gold pieces.

Inventory:

Hand Weapons
 a - a +0 long sword (weapon)
Armour
 b - a +0 scale mail (worn)
 c - a +0 buckler (worn)
Jewellery
 o - the ring "Ellefarr" {AC+4 Str+6 Int-4 Slay-6}
   (You found it on level 3 of the Dungeon)

   [ring of protection]

   AC:        It affects your AC (+4).
   Str:       It affects your strength (+6).
   Int:       It affects your intelligence (-4).
   Slay:      It affects your accuracy & damage with ranged weapons and melee
   (-6).
 r - a ring of resist corrosion (left hand)
Scrolls
 g - a scroll of enchant armour {unknown}
 h - a scroll of magic mapping {unknown}
 i - a scroll of amnesia
 l - a scroll of blinking {unknown}
 s - a scroll of teleportation {unknown}
Potions
 f - 4 potions of attraction
 j - 3 potions of mutation
 k - a potion of cancellation {unknown}
 n - a potion of haste {unknown}
 p - a potion of brilliance {unknown}
 q - 2 potions of curing {unknown}


   Skills:
 + Level 5.0 Fighting
 + Level 4.1 Long Blades
 + Level 5.0 Armour
 + Level 5.0 Shields
 + Level 1.4 Invocations


You had 5 spell levels left.
You didn't know any spells.
Your spell library contained the following spells:

 Spells                   Type           Power      Damage    Failure   Level
 Apportation              Tloc           0%         N/A       86%         1
 Passage of Golubria      Tloc           0%         N/A       100%        4
 Alistair's Intoxication  Tmut/Pois      0%         N/A       100%        5
 Yara's Violent Unravell  Hex/Tmut       0%         3d3       100%        5
 Tukima's Dance           Hex            Unusable   N/A       N/A         3

Dungeon Overview and Level Annotations

Branches:
Dungeon (4/15)
 Temple: D:4-7

Altars:
Okawaru

Annotations:
D:3 Sigmund
D:4 Edmund


Innate Abilities, Weirdness & Mutations

You have a pair of horns on your head.
You reflexively headbutt those who attack you in melee.


Message History

You climb upwards.
Level annotation: Sigmund
There is a stone staircase leading down here.
There is a stone staircase leading down, spattered with blood here.
You climb downwards.
Level annotation: Edmund
There is a stone staircase leading up here.
Things that are here:
a +0 whip; a +0 spear You see here a +0 spear.
A quokka comes into view.
Found an escape hatch in the ceiling.
The quokka bites you but does no damage.
The quokka closely misses you.
You barely miss the quokka. Your headbutt misses the quokka.
The quokka misses you. You furiously retaliate!
You headbutt the quokka!
You kill the quokka!
Okawaru accepts your kill.
Found a scroll labelled KOANLICVUDD.
An ogre comes into view. It is wielding a +0 giant club.
Found 12 gold pieces.
The ogre shouts!
The ogre closely misses you.
You see here a scroll labelled KOANLICVUDD.
You hit the ogre.
The ogre is moderately wounded.
The ogre hits you with a +0 giant club!!
You hit the ogre.
The ogre is heavily wounded.
The ogre hits you with a +0 giant club!
You barely miss the ogre.
The ogre is heavily wounded.
The ogre hits you with a +0 giant club!!
* * * LOW HITPOINT WARNING * * *
You hit the ogre.
The ogre is heavily wounded.
You hit the ogre but do no damage.
The ogre is heavily wounded.
The ogre hits you with a +0 giant club!!
You die...

#.#
###....#.######
#.########.#.#.#
#..........#.#.#
#..........^.#.#
##############.#
### #.# ..(. #.#
####
#######.####
.......@O..#
....$...##.#
######### .. ##


You could see an ogre.

Vanquished Creatures
  An ogre (D:4)
  7 gnolls
  4 adders
  2 dart slugs
  5 orcs
  8 endoplasms
  A giant cockroach (D:3)
  4 goblins
  12 hobgoblins
  4 quokkas
  5 ball pythons
  6 bats
  4 frilled lizards
  7 kobolds
  5 rats
75 creatures vanquished.

Notes
Turn   | Place    | Note
-------+----------+-------------------------------------------
     0 | D:1      | Muataran the Minotaur Fighter began the quest for the Orb.
     0 | D:1      | Reached XP level 1. HP: 19/19 MP: 0/0
    73 | D:1      | Found a faded altar of an unknown god.
   489 | D:1      | Reached XP level 2. HP: 27/27 MP: 1/1
  1210 | D:1      | Reached XP level 3. HP: 30/33 MP: 2/2
  1472 | D:2      | You fall into a shaft and drop 2 floors!
  1574 | D:3      | Reached XP level 4. HP: 36/41 MP: 3/3
  1728 | D:3      | Found an iron altar of Okawaru.
  1737 | D:3      | Became a worshipper of Warmaster Okawaru
  2108 | D:2      | Reached XP level 5. HP: 43/47 MP: 4/4
  2358 | D:3      | Identified the ring "Ellefarr" {AC+4 Str+6 Int-4 Slay-6}
  2535 | D:3      | Noticed Sigmund
  2630 | D:4      | Noticed an ogre
  2644 | D:4      | Killed an ogre
  2645 | D:4      | Reached skill level 5 in Fighting
  2645 | D:4      | Reached skill level 5 in Armour
  2645 | D:4      | Reached skill level 5 in Shields
  2645 | D:4      | Reached skill level 1 in Invocations
  2647 | D:4      | Reached XP level 6. HP: 35/56 MP: 4/6
  2814 | D:4      | Noticed Edmund
  2905 | D:4      | Demolished by an ogre

Illustrated notes

Levels and vault maps discovered:
D:1:      minmay_arrival_diagonal_passages, layout_basic,
          chequers_ecumenical_altar_grove, minmay_misc_feat_diagonals
D:2:      layout_loops_corners
D:3:      layout_basic, okawaru_ov_weapons_minmay, corexii_corridor_pit,
          minmay_circle_x, uniq_sigmund
D:4:      layout_loops_ring, grunt_temple_overflow_open,
          minmay_temple_entry_fiery, uniq_edmund, uniq_ijyb, uniq_natasha

Skill      XL: |  1  2  3  4  5 |
---------------+----------------+-----
Armour         | 4 5 |  5.0
Fighting       | 4 5 |  5.0
Shields        | 4 5 |  5.0
Long Blades    | 3 4 |  4.1
Invocations    | 1 |  1.4

Action                   |  1- 3 |  4- 6 || total
-------------------------+-------+-------++-------
Melee: Long sword        |    76 |    85 ||   161
       Headbutt          |    10 |    12 ||    22
  Use: Potion            |       |     1 ||     1
       Scroll            |       |     5 ||     5
Armor: Scale mail        |    31 |    33 ||    64
Dodge: Dodged            |    38 |    40 ||    78
Block: Buckler           |    16 |    16 ||    32

Table legend: (Time is in decaauts)
 A = Elapsed time spent in this place.
 B = Non-inter-level travel time spent in this place.
 C = Inter-level travel time spent in this place.
 D = Time resting spent in this place.
 E = Time spent auto-exploring this place.
 F = Levels seen in this place.
 G = Mean time per level.
                   A        B        C        D        E       F      G
               +--------+--------+--------+--------+--------+-----+--------+
         Total |   2954 |   2839 |    115 |    323 |   1717 |   4 |  738.5 |
       Dungeon |   2954 |   2839 |    115 |    323 |   1717 |   4 |  738.5 |
               +--------+--------+--------+--------+--------+-----+--------+

Top non-repeatable levels by time:
     D:2: 1128 daAuts
     D:1: 1013 daAuts
     D:4: 414 daAuts
     D:3: 398 daAuts
